 Dungeon Crawl Stone Soup version 0.21-a0-279-g6037ffb (webtiles) character file.

23 domi the Sneak (level 3, 0/21 HPs)
             Began as a Kobold Assassin on Sept 23, 2017.
             Slain by a vampire bat (2 damage)
             ... on level 2 of the Dungeon.
             The game lasted 00:01:28 (540 turns).

domi the Sneak (Kobold Assassin)                     Turns: 540, Time: 00:01:28

Health: 0/21       AC:  4    Str:  9    XL:     3   Next: 12%
Magic:  3/3        EV: 13    Int: 12    God:
Gold:   75         SH:  5    Dex: 16    Spells: 2/2 levels left

rFire    . . .     SeeInvis .   a - +1 dagger (venom)
rCold    . . .     Gourm    .   l - +0 buckler
rNeg     . . .     Faith    .   c - +0 robe
rPois    .         Spirit   .   (no helmet)
rElec    .         Reflect  .   d - +0 cloak
rCorr    .         Harm     .   o - +0 pair of gloves
MR       .....                  (no boots)
Stlth    +++.......             (no amulet)
HPRegen  0.07/turn              (no ring)
MPRegen  0.08/turn              (no ring)

@: no status effects
A: carnivore 3
a: no special abilities


You were on level 2 of the Dungeon.
You were not hungry.

You visited 1 branch of the dungeon, and saw 2 of its levels.

You collected 75 gold pieces.


Innate Abilities, Weirdness & Mutations

You are small and have problems with some larger weapons.
You are carnivorous and can eat meat at any time.


   Skills:
 - Level 2.1 Fighting
 + Level 3.2 Short Blades
 + Level 2.5 Throwing
 - Level 1.2 Dodging
 + Level 5.5 Stealth
 + Level 1.0 Shields


You had 2 spell levels left.
You didn't know any spells.

Inventory:

Hand Weapons
 a - a +1 dagger of venom (weapon)
 b - a +0 blowgun
 m - a +2 dagger
Missiles
 e - 21 poisoned needles
 f - 2 curare-tipped needles {=f}
Armour
 c - a +0 robe (worn)
 d - a +0 cloak (worn)
 l - a +0 buckler (worn)
 o - a +0 pair of gloves (worn)
Jewellery
 n - an uncursed amulet of regeneration {unknown}
Scrolls
 h - a scroll of remove curse {unknown}
 j - 2 scrolls of identify {unknown}
 q - a scroll of enchant armour {unknown}
Potions
 k - a potion of curing {@q1}
 p - a potion of brilliance {unknown}
Comestibles
 g - 2 meat rations
 i - a royal jelly

Dungeon Overview and Level Annotations

Branches:
Dungeon (2/15)

Altars:
Kikubaaqudgha

.# . ##. #.. #.#
####### #.#
##.#K#.###### ###.###
#.⌠b#.⌠.#...###.()..<
#.#b#.#.#.#.#.##....†.
#...#.⌠.#.⌠.#.⌠.#......
#⌠.⌠.#.#.#.#.#..'......
#._...#.⌠.#.⌠.#.'.)♣(♣.
#⌠.⌠.#.#.#.#.#..'......
#...#.⌠.#.⌠.#.⌠.###♣.♣.
##.#.#.#.#.#.#.## .[..


You could see 2 vampire bats.


Message History

The vampire bat bites you but does no damage.
The vampire bat closely misses you.
You hit the vampire bat.
The vampire bat is almost destroyed.
The vampire bat bites you but does no damage.
The vampire bat closely misses you.
The vampire bat bites you but does no damage.
You closely miss the vampire bat.
The vampire bat bites you but does no damage.
The vampire bat bites you.
* * * LOW HITPOINT WARNING * * *
The vampire bat draws strength from your injuries!
It was a potion of curing.
You feel better. The vampire bat closely misses you.
The vampire bat barely misses you. x2; The vampire bat bites you.
* * * LOW HITPOINT WARNING * * *
The vampire bat draws strength from your injuries!
The vampire bat bites you.
* * * LOW HITPOINT WARNING * * *
The vampire bat draws strength from your injuries!
The vampire bat barely misses you.
You hit the vampire bat.
The vampire bat is lightly damaged.
The vampire bat bites you.
* * * LOW HITPOINT WARNING * * *
The vampire bat draws strength from your injuries!
The vampire bat closely misses you.
The vampire bat bites you but does no damage. x2
The vampire bat barely misses you. The vampire bat misses you.
The vampire bat barely misses you. The vampire bat bites you.
You die...

Action                   || total
-------------------------++-------
Melee: Dagger            ||    76
  Use: Potion            ||     1
 Stab: Sleeping          ||     7
Armor: Robe              ||    43
Dodge: Dodged            ||   100
Block: Buckler           ||    26

Vault maps used:
D:1:      zaba_arrival_water
D:2:      kennysheep_vampire_church, chequers_temple_overflow_statue_of_worship,
          serial_forest, infiniplex_forest_clump_double,
          infiniplex_forest_straight_5, infiniplex_forest_lined_3_way,
          infiniplex_forest_lined_2, infiniplex_forest_end_2,
          infiniplex_forest_lined_room_, infiniplex_forest_clump_cross,
          infiniplex_forest_end_2, kennysheep_generic_room_10

Notes
Turn   | Place    | Note
-------+----------+-------------------------------------------
     0 | D:1      | domi the Kobold Assassin began the quest for the Orb.
     0 | D:1      | Reached XP level 1. HP: 12/12 MP: 1/1
   264 | D:1      | Reached XP level 2. HP: 17/17 MP: 2/2
   293 | D:1      | Reached skill level 3 in Short Blades
   501 | D:2      | Reached skill level 1 in Shields
   501 | D:2      | Reached XP level 3. HP: 19/21 MP: 3/3
   506 | D:2      | Found an ancient bone altar of Kikubaaqudgha.
   535 | D:2      | HP: 1/21 [vampire bat (2)]
   540 | D:2      | Slain by a vampire bat

Vanquished Creatures
  3 bat skeletons (D:2)
  2 bat zombies (D:2)
  A giant cockroach (D:1)
  4 goblins
  A hobgoblin (D:1)
  5 kobolds
  A ball python (D:2)
  2 bats (D:1)
  A frilled lizard (D:1)
  A rat (D:1)
21 creatures vanquished.
